 Dungeon Crawl Stone Soup version 0.30.1-11-g7821555f0a (webtiles) character file.

Game seed: 4215673552096578599

2426 Ijustatesigmund the Conjurer (level 9, 0/58 HPs)
             Began as an Octopode Conjurer on Dec 21, 2023.
             Slain by an ice beast (14 damage)
             ... on level 7 of the Dungeon.
             The game lasted 00:24:23 (7752 turns).

Ijustatesigmund the Conjurer (Octopode Conjurer)    Turns: 7752, Time: 00:24:24

Health: 0/58       AC:  1    Str:  6    XL:     9   Next: 48%
Magic:  13/18      EV: 14    Int: 24    God:
Gold:   79         SH:  0    Dex: 11    Spells: 8/20 levels left

rFire   . . .        g - +4 broad axe (elec)
rCold   . . .        (no shield)
rNeg    . . .        (helmet restricted)
rPois   .            (no amulet)
rElec   .            b - +4 ring of slaying
rCorr   .            (no ring)
SInv    .            (no ring)
Will    .....        (no ring)
Stlth   +++          (no ring)
HPRegen 0.29/turn    (no ring)
MPRegen 0.16/turn    (no ring)
                     (no ring)

%: no passive effects
@: very slightly contaminated
A: almost no armour, amphibious, 8 rings, camouflage 1, gelatinous body 1,
(nimble swimmer 1), tentacles
a: no special abilities


You were on level 7 of the Dungeon.
You visited 2 branches of the dungeon, and saw 8 of its levels.

You collected 296 gold pieces.
You spent 217 gold pieces at shops.

Inventory:

Hand Weapons
 g - a +4 broad axe of electrocution (weapon)
Missiles
 q - a throwing net
Jewellery
 b - a +4 ring of slaying (left tentacle)
Wands
 i - a wand of polymorph (13)
 n - a wand of mindburst (13)
 o - a wand of acid (9)
Scrolls
 e - a scroll of teleportation
 h - a scroll of brand weapon
 j - a scroll of immolation
 l - a scroll of enchant armour {unknown}
 m - 2 scrolls of magic mapping
 p - 3 scrolls of identify
Potions
 a - 3 potions of magic
 c - 5 potions of might
 d - 2 potions of haste
 f - 4 potions of curing
 k - a potion of invisibility


   Skills:
 + Level 4.2 Fighting
 + Level 3.4 Axes
 - Level 4.0 Dodging
 - Level 2.6 Stealth
 + Level 6.0 Spellcasting
 - Level 6.0 Conjurations
 - Level 5.3 Translocations
 - Level 3.3 Fire Magic
 - Level 2.1 Evocations


You had 8 spell levels left.
You knew the following spells:

 Your Spells              Type           Power      Damage    Failure   Level
a - Magic Dart            Conj           100%       1d8       1%          1
b - Searing Ray           Conj           72%        2d7       1%          2
c - Iskenderun's Mystic   Conj/Tloc      34%        2d8       8%          4
d - Fireball              Conj/Fire      14%        3d8       32%         5

Your spell library contained the following spells:

 Spells                   Type           Power      Damage    Failure   Level
 Kiss of Death            Conj/Necr      84%        2d11      2%          1
 Dazzling Flash           Conj/Hex       42%        N/A       7%          3
 Stone Arrow              Conj/Erth      42%        3d9       7%          3
 Necrotise                Necr           28%        1d5       8%          1
 Sandblast                Erth           14%        2d6       8%          1
 Passwall                 Tmut/Erth      5%         N/A       12%         2
 Iskenderun's Battlesphe  Conj           36%        2d9       19%         5
 Fulminant Prism          Conj/Hex       10%        3d8       22%         4
 Confusing Touch          Hex            7%         N/A       24%         3
 Vampiric Draining        Necr           7%         2d6       24%         3
 Animate Dead             Necr           7%         N/A       61%         4
 Dispel Undead            Necr           7%         3d8       61%         4
 Agony                    Necr           7%         N/A       91%         5
 Borgnjor's Vile Clutch   Necr/Erth      3%         N/A       91%         5
 Conjure Ball Lightning   Conj/Air       10%        3x3d6     98%         6
 Orb of Destruction       Conj           18%        9d8       99%         7
 Death Channel            Necr           3%         N/A       100%        6


Dungeon Overview and Level Annotations

Branches:
Dungeon (7/15)             Temple (1/1) D:4

Altars:
Ashenzari
Cheibriados
Dithmenos
Elyvilon
Gozag
Hepliaklqana
Kikubaaqudgha
Makhleb
Nemelex Xobeh
Okawaru
Ru
Sif Muna
Trog
Vehumet
Wu Jian
Yredelemnul
Zin
The Shining One

Shops:
D:1 :   D:5 ((:

Annotations:
D:5 2 runed translucent doors, Anaz's ghost, novice DgAE


Innate Abilities, Weirdness & Mutations

You cannot wear most types of armour.
You are amphibious.
You can wear up to eight rings at the same time.
Your skin changes colour to match your surroundings (Stealth+).
Your rubbery body absorbs attacks. (AC +1, EV +1)
((You are camouflaged when in or above water. (Stealth+)))
You have tentacles for arms and can constrict up to eight enemies at once.


Message History

Your Spellcasting skill increases to level 6!
An ice beast comes into view.
Casting: Searing Ray (safe; 1% risk of failure)
Confirm with . or Enter, or press ? or * to list all spells.
Aiming: Magic Dart (safe; 1% risk of failure)
Press: ? - help, Shift-Dir - straight line, f - ice beast
Aim: an ice beast (100% to hit)
The magic dart hits the ice beast.
The ice beast is moderately wounded.
Casting: Magic Dart (safe; 1% risk of failure)
Confirm with . or Enter, or press ? or * to list all spells.
Aiming: Magic Dart (safe; 1% risk of failure)
Press: ? - help, Shift-Dir - straight line, f/p - ice beast
Aim: an ice beast (moderately wounded, 100% to hit)
The magic dart hits the ice beast!
The ice beast is heavily wounded.
The ice beast barely misses you.
You hit the ice beast but do no damage. Your squeeze misses the ice beast.
The ice beast is heavily wounded.
The ice beast hits you. The ice beast freezes you!
You slash the ice beast!
The ice beast is severely wounded.
The ice beast barely misses you. The ice beast closely misses you.
You barely miss the ice beast.
The ice beast is severely wounded.
The ice beast barely misses you.
You barely miss the ice beast.
The ice beast is severely wounded.
The ice beast hits you. The ice beast freezes you! The ice beast hits you.
The ice beast freezes you!
Casting: Magic Dart (safe; 1% risk of failure)
Confirm with . or Enter, or press ? or * to list all spells.
You miscast Iskenderun's Mystic Blast.
You are very lightly contaminated with residual magic.
You are caught in a violent explosion!
* * * LOW HITPOINT WARNING * * *
The ice beast hits you.
* * * LOW HITPOINT WARNING * * *
The ice beast freezes you!
You die...

#..# #..# #.##
#.#.#####.##..##
..###...........#
#.# #.#####......
#. #.# ... # ##
#.# #Y# #@#
..##########.#
#.#..........#
#.#.########.#
#.#.# #.#
#.#.########.#
#............#
#####.#.##########
........#


You could see an ice beast.

Vanquished Creatures
  A steam dragon (D:7)
  2 black bears
  An ice beast (D:7)
  A sky beast (D:6)
  2 ogres (D:6)
  A centaur (D:5)
  3 kobold brigands
  A bullfrog (D:7)
  2 scorpions
  13 killer bees
  2 electric eels (D:6)
  4 hounds
  An orc priest (D:6)
  2 jellies
  3 iguanas
  2 sleepcaps
  2 orc wizards (D:6)
  4 gnolls (D:4)
  9 adders
  2 shadow imps
  An ufetubus (D:6)
  2 dart slugs (D:1)
  22 orcs
  4 bats
  8 endoplasms
  4 giant cockroaches
  5 goblins
  6 hobgoblins
  5 jackals
  3 quokkas
  7 ball pythons
  4 frilled lizards
  22 kobolds
  9 rats
160 creatures vanquished.

Notes
Turn   | Place    | Note
-------+----------+-------------------------------------------
     0 | D:1      | Ijustatesigmund the Octopode Conjurer began the quest for
                  | the Orb.
     0 | D:1      | Reached XP level 1. HP: 11/11 MP: 3/3
   335 | D:1      | Reached XP level 2. HP: 18/18 MP: 3/5
   338 | D:1      | Learned a level 2 spell: Searing Ray
   541 | D:1      | Reached skill level 1 in Fighting
   759 | D:1      | Found Sohairgh's Book Boutique.
   763 | D:1      | Reached XP level 3. HP: 18/23 MP: 4/6
   962 | D:2      | Found a snail-covered altar of Cheibriados.
  1060 | D:1      | Reached XP level 4. HP: 25/29 MP: 8/8
  1676 | D:3      | Found a broken altar of Ashenzari.
  2116 | D:3      | Found a sacrificial altar of Ru.
  2170 | D:4      | Learned a level 4 spell: Iskenderun's Mystic Blast
  2263 | D:4      | Reached skill level 1 in Translocations
  2267 | D:4      | Noticed a scorpion
  2279 | D:4      | Reached XP level 5. HP: 34/34 MP: 2/9
  2614 | D:4      | Reached XP level 6. HP: 39/39 MP: 3/11
  3066 | D:4      | You fall into a shaft and drop 3 floors!
  3169 | D:7      | Reached skill level 1 in Evocations
  3283 | D:6      | Noticed a black bear
  3503 | D:6      | Killed a black bear
  3504 | D:6      | Reached XP level 7. HP: 45/45 MP: 6/13
  3733 | D:6      | Learned a level 5 spell: Fireball
  4022 | D:6      | Reached skill level 5 in Conjurations
  4022 | D:6      | Reached skill level 1 in Fire Magic
  4119 | D:5      | Entered Level 5 of the Dungeon
  4119 | D:5      | Found Anonecw's Weapon Shop.
  4128 | D:5      | Found Agui's Antique Weapon Shoppe.
  4205 | D:5      | Reached XP level 8. HP: 52/52 MP: 2/15
  4772 | D:4      | Found a staircase to the Ecumenical Temple.
  4781 | Temple   | Entered the Ecumenical Temple
  4781 | Temple   | Found a transporter.
  4781 | Temple   | Found a transporter.
  4783 | Temple   | Found a transporter.
  4783 | Temple   | Found a transporter.
  4974 | D:4      | Found an iron altar of Okawaru.
  5254 | D:5      | Found a large runed translucent door.
  5254 | D:5      | Found a large runed translucent door.
  5338 | D:5      | Noticed Anaz's ghost (novice DgAE)
  5477 | D:5      | Found a glowing silver altar of Zin.
  5518 | D:5      | Found Riuggo's Book Emporium.
  5518 | D:5      | Noticed a walking divine tome
  5520 | D:5      | Noticed a walking frostbound tome
  5532 | D:5      | Reached skill level 5 in Spellcasting
  5666 | D:6      | Reached skill level 5 in Translocations
  6110 | D:6      | Found a white marble altar of Elyvilon.
  6111 | D:6      | Found an ornate altar of the Wu Jian Council.
  6322 | D:5      | Bought a runed broad axe for 217 gold pieces
  6632 | D:6      | Reached XP level 9. HP: 35/57 MP: 11/17
  6717 | D:6      | Reached skill level 1 in Axes
  7752 | D:7      | Slain by an ice beast

Illustrated notes

Levels and vault maps discovered:
D:1:      enne_arrival_octagon_isle, layout_basic, serial_shops, shop
D:2:      layout_rooms, basic_altar
D:3:      cheibrodos_old_hovel, layout_basic, ashenzari_conservatory_becter,
          nicolae_ru_path_of_blood
D:4:      layout_cave_pools, hellmonk_okawaru_the_only_friend_you_need,
          minmay_temple_entry_junction, nicolae_figureground_pulse
D:5:      layout_rooms, mainiacjoe_overflow_chevrons, serial_shops,
          nicolae_shop_mannequins, shop, nicolae_shop_waterfront,
          ebering_ghost_disaster_area, grunt_ministairs_2
D:6:      layout_basic, nicolae_overflow_two_pavilions, serial_bayou,
          serial_bayou_pond_b, serial_bayou_pond_d, serial_bayou_crossing,
          serial_bayou_lagoon_a
D:7:      layout_loops_ring
Temple:   hellmonk_temple_divided_pantheon

Skill      XL: |  1  2  3  4  5  6  7  8  9 |
---------------+----------------------------+-----
Fighting       | 1 2 3 4 |  4.2
Spellcasting   | 3 4 5 6 |  6.0
Translocations | 1 2 3 4 5 |  5.3
Evocations     | 2 |  2.1
Conjurations   | 5 6 |  6.0
Fire Magic     | 1 3 |  3.3
Dodging        | 3 4 |  4.0
Axes           | 3 |  3.4
Stealth        | |  2.6

Action                     |  1- 3 |  4- 6 |  7- 9 || total
---------------------------+-------+-------+-------++-------
  Melee: Unarmed           |     5 |       |       ||     5
         Tentacles         |     8 |     3 |     4 ||    15
         Great sword       |    39 |     9 |       ||    48
         Constrict         |    13 |     5 |     8 ||    26
         Long sword        |       |    16 |    27 ||    43
         Punch             |       |     1 |     1 ||     2
         Broad axe         |       |       |    33 ||    33
   Cast: Magic Dart        |    22 |    76 |    61 ||   159
         Searing Ray       |     2 |    12 |    22 ||    36
         Iskenderun's Myst |       |       |     7 ||     7
  Evoke: Wand              |       |     1 |     5 ||     6
    Use: Scroll            |       |     8 |     8 ||    16
         Potion            |       |       |     6 ||     6
   Stab: Sleeping          |     2 |     1 |     1 ||     4
 Armour: Skin              |     8 |     1 |     3 ||    12
  Dodge: Dodged            |    63 |    29 |    80 ||   172
